 Dungeon Crawl Stone Soup version 0.30-a0-696-g2367cd04db (webtiles) character file.

Game seed: 12036517258154263319

3393 flotson the Chopper (level 9, -8/62 HPs)
             Began as a Demonspawn Delver on Jan 21, 2023.
             Was a Follower of Hepliaklqana.
             Mangled by an orc knight
             ... wielding a +0 glaive
              (10 damage)
             ... in a bailey.
             The game lasted 00:10:52 (6075 turns).

flotson the Chopper (Demonspawn Delver)             Turns: 6075, Time: 00:10:53

Health: -8/62      AC: 13    Str: 22    XL:     9   Next: 75%
Magic:  11/11      EV: 13    Int: 13    God:    Hepliaklqana [*.....]
Gold:   378        SH:  5    Dex: 14    Spells: 8/8 levels left

rFire   . . .      SeeInvis .    a - +2 trident (heavy)
rCold   . . .      Faith    .    y - +0 buckler
rNeg    . . .      Spirit   .    A - +1 leather armour {rPois}
rPois   +          Reflect  .    (no helmet)
rElec   .          Harm     .    B - +0 cloak
rCorr   .          Rampage  .    (no gloves)
Will    .....                    h - +0 pair of boots
Stlth   +++                      J - amulet of the acrobat
HPRegen 0.30/turn                r - +4 ring of protection
MPRegen 0.24/turn                z - +6 ring of strength

@: hasted, very quick
A: reduced essence, yellow scales 1, magic regeneration, weakness stinger 2
a: Renounce Religion, Recall Ancestor, Ancestor Identity


You were in a bailey.
You worshipped Hepliaklqana.
Hepliaklqana was aware of your devotion.
You visited 2 branches of the dungeon, and saw 9 of its levels.
You also visited: Bailey.

You collected 378 gold pieces.

Inventory:

Hand Weapons
 a - a +2 heavy trident (weapon)
Missiles
 p - 34 poisoned darts (quivered)
 s - 3 datura-tipped darts
 w - 10 boomerangs
Armour
 h - a +0 pair of boots (worn)
 y - a +0 buckler (worn)
 A - a +1 leather armour of poison resistance (worn)
 B - a +0 cloak (worn)
Jewellery
 r - a +4 ring of protection (left hand)
 z - a +6 ring of strength (right hand)
 J - an amulet of the acrobat (around neck)
 N - the ring of Yruebb {rPois Dex+6 Stlth+}
   (You found it on level 7 of the Dungeon)

   [ring of dexterity]

   Dex:       It affects your dexterity (+6).
   rPois:     It protects you from poison.
   Stlth:     It makes you more stealthy.
Wands
 g - a wand of digging (3)
 C - a wand of quicksilver (10)
 F - a wand of mindburst (10)
 L - a wand of paralysis (8)
Scrolls
 c - a scroll of fog
 d - a scroll of magic mapping
 i - 4 scrolls of immolation {unknown}
 j - 3 scrolls of enchant weapon {unknown}
 k - 6 scrolls of identify {unknown}
 l - 2 scrolls of blinking {unknown}
 t - 4 scrolls of teleportation {unknown}
 v - 2 scrolls of enchant armour {unknown}
 x - a scroll of fear
 D - a scroll of brand weapon {unknown}
 G - a scroll of torment {unknown}
 I - 2 scrolls of noise {unknown}
 O - a scroll of vulnerability {unknown}
 P - a scroll of poison {unknown}
Potions
 b - a potion of invisibility {unknown}
 e - a potion of degeneration {unknown}
 f - 2 potions of haste
 m - 4 potions of curing {unknown}
 n - a potion of magic {unknown}
 o - a potion of flight {unknown}
 q - 2 potions of attraction {unknown}
 u - 2 potions of mutation {unknown}
 E - 2 potions of might {unknown}
 H - a potion of heal wounds {unknown}
 K - a potion of brilliance {unknown}
 M - a potion of berserk rage {unknown}


   Skills:
 + Level 5.7 Fighting
 * Level 6.2 Axes
 + Level 3.8 Throwing
 + Level 4.4 Armour
 + Level 5.0 Dodging
 - Level 5.0 Stealth
 + Level 3.3 Shields
 + Level 2.9 Invocations
 + Level 5.0 Evocations


You had 8 spell levels left.
You didn't know any spells.
Your spell library was empty.

Dungeon Overview and Level Annotations

Branches:
Dungeon (8/15)             Temple (1/1) D:7            Lair (0/5) D:8
 Bailey (1/1)

Altars:
Ashenzari
Cheibriados
Dithmenos
Gozag
Hepliaklqana
Makhleb
Okawaru
Ru
Sif Muna
Uskayaw
Wu Jian
Xom

Annotations:
D:8 Pikel Bailey 2 runed translucent doors


Innate Abilities, Weirdness & Mutations

Your life essence is reduced to manifest your ancestor. (-10% HP)
You are partially covered in yellow scales. (AC +2)
You regenerate magic rapidly.
You have a tail ending in a sharp stinger.


Message History

You kill the orc!
The bolt of dispelling energy misses the orc.
The bolt of dispelling energy hits the orc warrior!!
You kill the orc warrior!
The bolt of dispelling energy hits the orc!!
You kill the orc!
The bolt of dispelling energy hits the orc!
You kill the orc!
Aahotepre misses the orc.
Your Evocations skill increases to level 5!
Aiming: Quicksilver Bolt
Press: ? - help, Shift-Dir - straight line The bolt of dispelling energy hits the orc!!
You kill the orc!
The bolt of dispelling energy hits the orc knight!
The orc knight is moderately wounded.
Aahotepre hits the orc knight but does no damage.
Aiming: Paralyse
Press: ? - help, Shift-Dir - straight line The orc knight resists with some effort.
Aahotepre hits the orc knight.
The orc knight hits Aahotepre with a +0 glaive!
Aiming: Paralyse
Press: ? - help, Shift-Dir - straight line, f - orc warrior
Aim: an orc warrior, wielding a +0 glaive and wearing a +0 scale mail (strong, chance to affect: 62%)
The orc knight resists with some effort.
Aahotepre hits the orc knight.
Aiming: Paralyse
Press: ? - help, Shift-Dir - straight line, f/p - orc warrior
Aim: an orc warrior, wielding a +0 glaive and wearing a +0 scale mail (strong, chance to affect: 62%)
The orc knight resists with some effort.
The orc knight hits you from afar with a +0 glaive!!
* * * LOW HITPOINT WARNING * * *
The orc warrior closely misses Aahotepre.
Aahotepre hits the orc knight but does no damage.
The orc warrior hits Aahotepre with a +0 glaive!!
You feel yourself speed up.
Aahotepre barely misses the orc warrior.
The orc knight hits you from afar with a +0 glaive!
You die...

####### #### ♣♣≈≈≈≈≈♣♣♣..##
#♣.≈≈≈≈≈♣♣....#
#...≈≈≈≈≈♣..####
#.♣..≈≈≈≈♣..#..##########.$#
.....≈≈≈≈...#.......o))....#
..♣..≈≈≈≈.♣.##).@.o)Ro))..##
.....≈≈≈≈....#..########..#
....######...#.8# [...# .#
.............#.)#!$....#
.............'..#[[##..+..
.............'..#!! ..+..#
.............#..#$[ ..#..#
....######...#.8##! .##8.#
..♣..≈ ≈....#..#


You could see the friendly Aahotepre the ancestor, an orc knight, an orc warrior
(strong, ally target) and an orc (strong).

Vanquished Creatures
  Sigmund (D:2)
  3 hogs
  A human (D:7)
  Menkaure (D:4)
  A water moccasin (D:7)
  Duvessa (D:4)
  3 orc warriors (Bailey)
  An ice beast (D:5)
  4 black bears
  3 ogres
  A kobold brigand (D:8)
  Blork the orc (D:4)
  3 bullfrogs
  2 gnoll sergeants
  4 scorpions
  Dowan (D:4)
  A lava snake (D:7)
  3 hounds
  A gnoll bouda (D:5)
  An orc priest (D:4)
  2 jellies (D:5)
  2 orc wizards (D:4)
  Natasha (thrice) (D:4)
  Terence (D:2)
  13 gnolls
  4 adders
  A worm (D:4)
  A dart slug (D:1)
  18 orcs
  9 endoplasms
  3 giant cockroaches
  5 goblins
  7 hobgoblins
  6 jackals
  5 quokkas
  5 ball pythons
  6 bats
  A frilled lizard (D:1)
  9 kobolds
  4 rats
142 creatures vanquished.

Vanquished Creatures (others)
  5 dream sheep (D:6)
5 creatures vanquished.

Grand Total: 147 creatures vanquished

Notes
Turn   | Place    | Note
-------+----------+-------------------------------------------
     0 | D:5      | flotson the Demonspawn Delver began the quest for the Orb.
     0 | D:5      | Reached XP level 1. HP: 18/18 MP: 1/1
    14 | D:5      | Noticed a jelly
    15 | D:5      | Noticed a scorpion
   274 | D:2      | Gained mutation: You are partially covered in yellow
                  | scales. (AC +2) [demonic ancestry]
   274 | D:2      | Reached XP level 2. HP: 22/24 MP: 2/2
   320 | D:2      | Reached skill level 2 in Axes
   387 | D:2      | Noticed Sigmund
   399 | D:2      | Identified the +8 spear of the Maze {freeze, Dex+4}
   405 | D:2      | Killed Sigmund
   406 | D:2      | Reached skill level 1 in Armour
   406 | D:2      | Reached skill level 5 in Stealth
   406 | D:2      | Reached XP level 3. HP: 23/30 MP: 3/3
   406 | D:2      | Reached XP level 4. HP: 28/37 MP: 4/4
   406 | D:2      | Reached XP level 5. HP: 32/42 MP: 5/5
  1207 | D:2      | Noticed Terence
  1217 | D:2      | Killed Terence
  1218 | D:2      | Gained mutation: You regenerate magic rapidly. [demonic
                  | ancestry]
  1218 | D:2      | Reached XP level 6. HP: 30/48 MP: 6/6
  2376 | D:4      | Reached skill level 1 in Throwing
  2383 | D:4      | Reached skill level 3 in Axes
  2428 | D:4      | Noticed Natasha
  2435 | D:4      | Killed Natasha
  2458 | D:4      | Noticed Menkaure
  2466 | D:4      | Killed Menkaure
  2467 | D:4      | Reached XP level 7. HP: 33/54 MP: 7/7
  2869 | D:4      | Noticed Duvessa
  2870 | D:4      | Noticed Dowan
  2881 | D:4      | Killed Duvessa
  2894 | D:4      | Killed Dowan
  2895 | D:4      | Reached skill level 1 in Shields
  2977 | D:4      | Noticed Blork the orc
  2987 | D:4      | Killed Blork the orc
  2988 | D:4      | Reached skill level 4 in Axes
  3153 | D:4      | Noticed Natasha
  3156 | D:4      | Killed Natasha
  3157 | D:4      | Gained mutation: You have a small tail. [demonic ancestry]
  3157 | D:4      | Reached XP level 8. HP: 61/61 MP: 8/8
  3233 | D:4      | Noticed Natasha
  3243 | D:4      | Killed Natasha
  3754 | D:5      | Reached skill level 5 in Fighting
  4213 | D:5      | Reached skill level 5 in Axes
  4464 | D:6      | Noticed a dream sheep
  4464 | D:6      | Noticed a dream sheep
  4464 | D:6      | Noticed a dream sheep
  4464 | D:6      | Noticed a dream sheep
  4464 | D:6      | Noticed a dream sheep
  4464 | D:6      | Found a shimmering altar of Xom.
  4469 | D:6      | Killed a dream sheep
  4469 | D:6      | Killed a dream sheep
  4469 | D:6      | Killed a dream sheep
  4469 | D:6      | Killed a dream sheep
  4469 | D:6      | Killed a dream sheep
  4501 | D:6      | Gained mutation: You have a tail ending in a sharp stinger.
                  | [demonic ancestry]
  4501 | D:6      | Reached XP level 9. HP: 46/68 MP: 9/9
  4753 | D:7      | Found a staircase to the Ecumenical Temple.
  4762 | Temple   | Entered the Ecumenical Temple
  4883 | Temple   | Became a worshipper of Hepliaklqana the Forgotten
  4990 | D:7      | Identified the ring of Yruebb {rPois Dex+6 Stlth+}
  5320 | D:7      | Reached skill level 1 in Invocations
  5907 | D:8      | Reached skill level 6 in Axes
  5913 | D:8      | Noticed Pikel
  5916 | D:8      | Found a flagged portal.
  5925 | Bailey   | Entered a bailey
  6054 | Bailey   | Found a large runed translucent door.
  6054 | Bailey   | Found a large runed translucent door.
  6055 | Bailey   | Reached * piety under Hepliaklqana
  6055 | Bailey   | Noticed a deep elf pyromancer
  6055 | Bailey   | Noticed an orc knight
  6064 | Bailey   | Reached skill level 5 in Dodging
  6070 | Bailey   | Reached skill level 5 in Evocations
  6073 | Bailey   | HP: 1/62 [orc knight/+0 glaive (19)]
  6075 | Bailey   | Mangled by an orc knight

Illustrated notes

Levels and vault maps discovered:
D:1:      saegor_arrival_simple_a, layout_loops_cross
D:2:      layout_basic, uniq_sigmund, uniq_terence
D:3:      layout_loops_ring
D:4:      layout_basic, uniq_blork_the_orc, uniq_natasha, uniq_menkaure,
          uniq_duvessa
D:5:      layout_basic
D:6:      layout_cave_pools, kb_xom_exploding_sheep
D:7:      layout_basic, mainiacjoe_overflow_boulevard,
          minmay_temple_entry_large_hall, grunt_decor_junction,
          amcnicky_mini_pool_small, grunt_livestock
D:8:      layout_basic, mainiacjoe_overflow_alcove_2, lemuel_round_altar,
          dpeg_lair_monsters, enter_bailey_6, uniq_pikel
Temple:   regret_index_temple_sphere_string
Bailey:   bailey_polearm_elven_captive_hellmonk, bailey

Skill      XL: |  1  2  3  4  5  6  7  8  9 |
---------------+----------------------------+-----
Axes           | 2 3 4 5 6 |  6.2
Dodging        | 2 3 4 5 |  5.0
Armour         | 1 2 3 4 |  4.4
Stealth        | 5 |  5.0
Evocations     | 2 3 4 5 |  5.0
Fighting       | 4 5 |  5.7
Throwing       | 1 2 3 |  3.8
Shields        | 1 2 3 |  3.3
Invocations    | 2 |  2.9

Action                   |  1- 3 |  4- 6 |  7- 9 || total
-------------------------+-------+-------+-------++-------
Melee: Hand axe          |    50 |       |       ||    50
       Punch             |     3 |     2 |       ||     5
       Spear             |     5 |   123 |   119 ||   247
       Trident           |       |       |   105 ||   105
       Tailslap          |       |       |    17 ||    17
Throw: Dart              |       |       |     9 ||     9
Evoke: Wand              |       |       |     6 ||     6
  Use: Scroll            |     1 |       |     1 ||     2
       Potion            |       |       |     1 ||     1
 Stab: Sleeping          |     3 |    21 |    12 ||    36
       Distracted        |       |       |     3 ||     3
Armor: Leather armour    |    28 |       |    96 ||   124
       Ring mail         |       |    30 |     6 ||    36
Dodge: Dodged            |    40 |    35 |   156 ||   231
Block: Buckler           |       |       |    63 ||    63

Table legend: (Time is in decaauts)
 A = Elapsed time spent in this place.
 B = Non-inter-level travel time spent in this place.
 C = Inter-level travel time spent in this place.
 D = Time resting spent in this place.
 E = Time spent auto-exploring this place.
 F = Levels seen in this place.
 G = Mean time per level.
                   A        B        C        D        E       F      G
               +--------+--------+--------+--------+--------+-----+--------+
         Total |   6163 |   5919 |    244 |     94 |   4666 |  10 |  616.3 |
       Dungeon |   5832 |   5629 |    203 |     94 |   4432 |   8 |  729.0 |
        Temple |    170 |    129 |     41 |      0 |    119 |   1 |  170.0 |
        Bailey |    160 |    160 |      0 |      0 |    115 |   1 |  160.0 |
               +--------+--------+--------+--------+--------+-----+--------+

Top non-repeatable levels by time:
     D:4: 1061 daAuts
     D:7: 992 daAuts
     D:2: 965 daAuts
     D:5: 849 daAuts
     D:3: 770 daAuts
     D:1: 579 daAuts
     D:6: 557 daAuts
  Temple: 170 daAuts
  Bailey: 160 daAuts
     D:8: 55 daAuts
